TOP OF THE 1ST |
Mexico City Cerveceros batting - Pitching for District 9 Prawns : RHP Eric Love
|
Pitching: RHP Eric Love
|
|
Batting: LHB Sammy Marshall
|
0-0: Ball 1-0: Ball 2-0: Ground out 6-3 (Groundball, 6M)
|
Batting: RHB Orlando González
|
0-0: SINGLE (Flyball, 8LS)
|
Batting: LHB Chad Weaver
|
0-0: Called Strike 0-1: Grounds into double play, 3-6-1 (Groundball, 3)
|
Top of the 1st over - 0 run(s), 1 hit(s), 0 error(s), 0 left on base; Mexico City 0 - District 9 0 |
BOTTOM OF THE 1ST |
District 9 Prawns batting - Pitching for Mexico City Cerveceros : RHP Honorato Mota
|
Pitching: RHP Honorato Mota
|
|
Batting: RHB Mal Snyder
|
0-0: Ball 1-0: Called Strike 1-1: SINGLE (Groundball, 3D)
|
Batting: RHB Alfredo Cortéz
|
0-0: Grounds into double play, 1-6-3 (Groundball, 13S)
|
Batting: LHB Terry White
|
0-0: Called Strike 0-1: Foul Ball, location: 2F 0-2: SOLO HOME RUN (Flyball, 9LD), Distance : 381 ft
|
Batting: LHB Ryan Hensley
|
0-0: Ball 1-0: Ball 2-0: Ball 3-0: Base on Balls
|
Batting: LHB José Flores
|
0-0: Called Strike 0-1: Swinging Strike 0-2: Ball 1-2: Strikes out looking
|
Bottom of the 1st over - 1 run(s), 2 hit(s), 0 error(s), 1 left on base; Mexico City 0 - District 9 1 |
TOP OF THE 2ND |
Mexico City Cerveceros batting - Pitching for District 9 Prawns : RHP Eric Love
|
Batting: LHB Francisco Franco
|
0-0: Ball 1-0: Ball 2-0: Ball 3-0: Ground out 4-3 (Groundball, 4)
|
Batting: RHB Lorenzo Ayala
|
0-0: Called Strike 0-1: Fly out, F8 (Flyball, 8RXD)
|
Batting: RHB John Anderson
|
0-0: Hit by Pitch
|
Batting: LHB Kevin Beasley
|
0-0: Swinging Strike 0-1: Ball 1-1: Ball 2-1: Called Strike 2-2: Ball 3-2: Foul Ball, location: 2F 3-2: Base on Balls John Anderson to second
|
Batting: RHB Naomi Kitamura
|
0-0: Ball 1-0: Ground out 6-3 (Groundball, 6)
|
Top of the 2nd over - 0 run(s), 0 hit(s), 0 error(s), 2 left on base; Mexico City 0 - District 9 1 |
BOTTOM OF THE 2ND |
District 9 Prawns batting - Pitching for Mexico City Cerveceros : RHP Honorato Mota
|
Batting: RHB Jonah Duncan
|
0-0: Foul Ball, location: 2F 0-1: Ball 1-1: Ball 2-1: Fly out, F8 (Line Drive, 8LXD)
|
Batting: LHB Brian Roy
|
0-0: Called Strike 0-1: Ball 1-1: Ball 2-1: Ball 3-1: Foul Ball, location: 2F 3-2: Fly out, F9 (Line Drive, 9M)
|
Batting: SHB Mark Pope
|
0-0: Ball 1-0: Called Strike 1-1: Ground out 1-3 (Groundball, 23)
|
Bottom of the 2nd over - 0 run(s), 0 hit(s), 0 error(s), 0 left on base; Mexico City 0 - District 9 1 |
TOP OF THE 3RD |
Mexico City Cerveceros batting - Pitching for District 9 Prawns : RHP Eric Love
|
Batting: RHB Ernesto Jiménez
|
0-0: Ball 1-0: Foul Ball, location: 2F 1-1: Called Strike 1-2: Foul Ball, location: 2F 1-2: Strikes out swinging
|
Batting: LHB Sammy Marshall
|
0-0: Swinging Strike 0-1: Ball 1-1: Ball 2-1: Swinging Strike 2-2: Strikes out swinging
|
Batting: RHB Orlando González
|
0-0: Ball 1-0: Foul Ball, location: 2F 1-1: Swinging Strike 1-2: Ball 2-2: Ball 3-2: Foul Ball, location: 2F 3-2: Base on Balls
|
Batting: LHB Chad Weaver
|
0-0: Called Strike 0-1: Swinging Strike 0-2: Ground out 1-3 (Groundball, 13)
|
Top of the 3rd over - 0 run(s), 0 hit(s), 0 error(s), 1 left on base; Mexico City 0 - District 9 1 |
BOTTOM OF THE 3RD |
District 9 Prawns batting - Pitching for Mexico City Cerveceros : RHP Honorato Mota
|
Batting: RHB Phil Jacobs
|
0-0: Ball 1-0: Ball 2-0: Called Strike 2-1: Ball 3-1: Called Strike 3-2: SINGLE (Groundball, 56D)
|
Batting: RHB Mal Snyder
|
0-0: Ball Wild Pitch! Phil Jacobs to second 1-0: Foul Ball, location: 2F 1-1: Ball 2-1: Ball 3-1: Base on Balls
|
Batting: RHB Alfredo Cortéz
|
0-0: Called Strike 0-1: Called Strike 0-2: Ball 1-2: Fly out, F2 (Popup, 25F)
|
Batting: LHB Terry White
|
0-0: Foul Ball, location: 2F 0-1: Ball Phil Jacobs steals 3rd base Mal Snyder to second 1-1: Ball 2-1: Fly out, F8 (Flyball, 8RXD) Runner from 3rd tags up, SCORES, no throw Mal Snyder to third
|
Batting: LHB Ryan Hensley
|
0-0: Ball 1-0: Ball 2-0: Called Strike 2-1: Ball 3-1: Foul Ball, location: 2F 3-2: Fly out, F8 (Flyball, 8RM)
|
Bottom of the 3rd over - 1 run(s), 1 hit(s), 0 error(s), 1 left on base; Mexico City 0 - District 9 2 |
TOP OF THE 4TH |
Mexico City Cerveceros batting - Pitching for District 9 Prawns : RHP Eric Love
|
Batting: LHB Francisco Franco
|
0-0: Called Strike 0-1: Ball 1-1: Foul Ball, location: 2F 1-2: Foul Ball, location: 2F 1-2: SOLO HOME RUN (Flyball, 9D), Distance : 402 ft
|
Batting: RHB Lorenzo Ayala
|
0-0: Foul Ball, location: 2F 0-1: Called Strike 0-2: Strikes out swinging
|
Batting: RHB John Anderson
|
0-0: Ball 1-0: Swinging Strike 1-1: Foul Ball, location: 2F 1-2: Ground out 1-3 (Groundball, 15)
|
Batting: LHB Kevin Beasley
|
0-0: Foul Ball, location: 2F 0-1: Ball 1-1: Fly out, F9 (Flyball, 89M)
|
Top of the 4th over - 1 run(s), 1 hit(s), 0 error(s), 0 left on base; Mexico City 1 - District 9 2 |
BOTTOM OF THE 4TH |
District 9 Prawns batting - Pitching for Mexico City Cerveceros : RHP Honorato Mota
|
Batting: LHB José Flores
|
0-0: Ball 1-0: Ball 2-0: Called Strike 2-1: Foul Ball, location: 2F 2-2: Ground out 1-3 (Groundball, 13S)
|
Batting: RHB Jonah Duncan
|
0-0: Swinging Strike 0-1: Ball 1-1: Foul Ball, location: 2F 1-2: Foul Ball, location: 2F 1-2: Ball 2-2: Foul Ball, location: 2F 2-2: Strikes out swinging
|
Batting: LHB Brian Roy
|
0-0: Ball 1-0: Called Strike 1-1: Called Strike 1-2: Ground out 1-3 (Groundball, 13S)
|
Bottom of the 4th over - 0 run(s), 0 hit(s), 0 error(s), 0 left on base; Mexico City 1 - District 9 2 |
TOP OF THE 5TH |
Mexico City Cerveceros batting - Pitching for District 9 Prawns : RHP Eric Love
|
Batting: RHB Naomi Kitamura
|
0-0: Swinging Strike 0-1: Ball 1-1: Called Strike 1-2: Ball 2-2: Foul Ball, location: 2F 2-2: Foul Ball, location: 2F 2-2: Foul Ball, location: 2F 2-2: Foul Ball, location: 2F 2-2: Foul Ball, location: 2F 2-2: Foul Ball, location: 2F 2-2: Ball 3-2: Foul Ball, location: 2F 3-2: Base on Balls
|
Batting: RHB Ernesto Jiménez
|
0-0: Ball 1-0: Ball 2-0: Swinging Strike 2-1: Ball 3-1: Foul Ball, location: 2F 3-2: Foul Ball, location: 2F 3-2: SINGLE (Groundball, 56D) Naomi Kitamura to second Naomi Kitamura to third
|
Batting: LHB Sammy Marshall
|
0-0: Ball 1-0: Foul Ball, location: 2F 1-1: Foul Ball, location: 2F 1-2: Foul Ball, location: 2F 1-2: Strikes out swinging
|
Batting: RHB Orlando González
|
0-0: Ball 1-0: Called Strike Ernesto Jiménez steals 2nd base 1-1: Foul Ball, location: 2F 1-2: Foul Ball, location: 2F 1-2: SINGLE (Line Drive, 56D) Naomi Kitamura scores Ernesto Jiménez to third
|
Batting: LHB Chad Weaver
|
0-0: Ball 1-0: Fly out, F8 (Flyball, 8RXD) Runner from 3rd tags up, SCORES, no throw
|
Batting: LHB Francisco Franco
|
0-0: Ball Orlando González steals 2nd base 1-0: Ball 2-0: Ball 3-0: Base on Balls
|
Batting: RHB Lorenzo Ayala
|
0-0: Called Strike 0-1: Ball 1-1: Ball 2-1: Foul Ball, location: 2F 2-2: Foul Ball, location: 2F 2-2: Strikes out swinging
|
Top of the 5th over - 2 run(s), 2 hit(s), 0 error(s), 2 left on base; Mexico City 3 - District 9 2 |
BOTTOM OF THE 5TH |
District 9 Prawns batting - Pitching for Mexico City Cerveceros : RHP Honorato Mota
|
Batting: SHB Mark Pope
|
0-0: Ball 1-0: Foul Ball, location: 2F 1-1: Fly out, F6 (Popup, 6)
|
Batting: RHB Phil Jacobs
|
0-0: Ball 1-0: Called Strike 1-1: Called Strike 1-2: Foul Ball, location: 2F 1-2: Ball 2-2: Foul Ball, location: 2F 2-2: Ball 3-2: Foul Ball, location: 2F 3-2: Foul Ball, location: 2F 3-2: Strikes out swinging
|
Batting: RHB Mal Snyder
|
0-0: Ball 1-0: Foul Ball, location: 2F 1-1: Ball 2-1: Foul Ball, location: 2F 2-2: Ball 3-2: Foul Ball, location: 2F 3-2: Foul Ball, location: 2F 3-2: SINGLE (Groundball, 2L) (infield hit)
|
Batting: RHB Alfredo Cortéz
|
0-0: Fly out, F4 (Popup, 34)
|
Bottom of the 5th over - 0 run(s), 1 hit(s), 0 error(s), 1 left on base; Mexico City 3 - District 9 2 |
TOP OF THE 6TH |
Mexico City Cerveceros batting - Pitching for District 9 Prawns : RHP Eric Love
|
Pitching: RHP Julián Romero
|
|
Batting: RHB John Anderson
|
0-0: Ball 1-0: Ball 2-0: Foul Ball, location: 2F 2-1: Foul Ball, location: 2F 2-2: Reached on error, E3 (Groundball, 3S)
|
Batting: LHB Kevin Beasley
|
0-0: Ball 1-0: Called Strike 1-1: Called Strike 1-2: Ball 2-2: Ball 3-2: Foul Ball, location: 2F 3-2: Fly out, F7 (Flyball, 78D)
|
Batting: RHB Naomi Kitamura
|
0-0: Ball 1-0: Ball 2-0: Ball 3-0: Called Strike 3-1: Base on Balls John Anderson to second
|
Batting: RHB Ernesto Jiménez
|
0-0: Called Strike 0-1: Ball Wild Pitch! John Anderson to third Naomi Kitamura to second 1-1: Fly out, F9 (Flyball, 89M) Runner from 3rd tags up, SCORES, throw made
|
Batting: LHB Sammy Marshall
|
0-0: Ball 1-0: Fly out, F9 (Line Drive, 9M)
|
Top of the 6th over - 1 run(s), 0 hit(s), 1 error(s), 1 left on base; Mexico City 4 - District 9 2 |
BOTTOM OF THE 6TH |
District 9 Prawns batting - Pitching for Mexico City Cerveceros : RHP Honorato Mota
|
Batting: LHB Terry White
|
0-0: Ball 1-0: Swinging Strike 1-1: Ball 2-1: Ground out 5-3 (Groundball, 5S)
|
Batting: LHB Ryan Hensley
|
0-0: Ball 1-0: SINGLE (Line Drive, 34)
|
Pitching: RHP Jonathan Long
|
|
Batting: LHB José Flores
|
0-0: Ball 1-0: Foul Ball, location: 2F 1-1: Ball 2-1: Foul Ball, location: 2F 2-2: Grounds into double play, 3-6-3 (Groundball, 3)
|
Bottom of the 6th over - 0 run(s), 1 hit(s), 0 error(s), 0 left on base; Mexico City 4 - District 9 2 |
TOP OF THE 7TH |
Mexico City Cerveceros batting - Pitching for District 9 Prawns : RHP Julián Romero
|
Batting: RHB Orlando González
|
0-0: Called Strike 0-1: Ball 1-1: Ball 2-1: Fly out, F8 (Flyball, 8LD)
|
Batting: LHB Chad Weaver
|
0-0: DOUBLE (Line Drive, 7D)
|
Batting: LHB Francisco Franco
|
0-0: Called Strike 0-1: Foul Ball, location: 2F 0-2: Ball 1-2: Ground out 4-3 (Groundball, 34) Chad Weaver to third
|
Batting: RHB Lorenzo Ayala
|
0-0: Fly out, F8 (Line Drive, 8LS)
|
Top of the 7th over - 0 run(s), 1 hit(s), 0 error(s), 1 left on base; Mexico City 4 - District 9 2 |
BOTTOM OF THE 7TH |
District 9 Prawns batting - Pitching for Mexico City Cerveceros : RHP Jonathan Long
|
Batting: RHB Jonah Duncan
|
0-0: Ball 1-0: Ball 2-0: Called Strike 2-1: SINGLE (Line Drive, 8LS)
|
Batting: LHB Brian Roy
|
0-0: Grounds into double play, 4-6-3 (Groundball, 4)
|
Batting: SHB Mark Pope
|
0-0: Ball 1-0: Ball 2-0: Called Strike 2-1: Ground out 6-3 (Groundball, 6)
|
Bottom of the 7th over - 0 run(s), 1 hit(s), 0 error(s), 0 left on base; Mexico City 4 - District 9 2 |
TOP OF THE 8TH |
Mexico City Cerveceros batting - Pitching for District 9 Prawns : RHP Julián Romero
|
Pitching: RHP César Rúbio
|
|
Batting: RHB John Anderson
|
0-0: Ball 1-0: Ball 2-0: Ball 3-0: Called Strike 3-1: Base on Balls
|
Batting: LHB Kevin Beasley
|
0-0: Ball 1-0: Foul Ball, location: 2F 1-1: Ball 2-1: Ball 3-1: Sac Bunt - play at first, batter OUT! 1-4 John Anderson to second
|
Batting: RHB Naomi Kitamura
|
0-0: Intentional Walk
|
Batting: RHB Ernesto Jiménez
|
0-0: Ball 1-0: Called Strike 1-1: Foul Ball, location: 2F 1-2: Strikes out swinging
|
Batting: LHB Sammy Marshall
|
0-0: Foul Ball, location: 2F 0-1: Called Strike 0-2: Strikes out looking
|
Top of the 8th over - 0 run(s), 0 hit(s), 0 error(s), 2 left on base; Mexico City 4 - District 9 2 |
BOTTOM OF THE 8TH |
District 9 Prawns batting - Pitching for Mexico City Cerveceros : RHP Jonathan Long
|
Batting: RHB Phil Jacobs
|
0-0: Foul Ball, location: 2F 0-1: Fly out, F5 (Popup, 5)
|
Pitching: RHP Jared Cameron
|
|
Batting: RHB Mal Snyder
|
0-0: Called Strike 0-1: Called Strike 0-2: Ball 1-2: Ball 2-2: Ball 3-2: Fly out, F9 (Flyball, 9LD)
|
Batting: RHB Alfredo Cortéz
|
0-0: Ground out 4-3 (Groundball, 4M)
|
Bottom of the 8th over - 0 run(s), 0 hit(s), 0 error(s), 0 left on base; Mexico City 4 - District 9 2 |
TOP OF THE 9TH |
Mexico City Cerveceros batting - Pitching for District 9 Prawns : RHP César Rúbio
|
Batting: RHB Orlando González
|
0-0: Ball 1-0: Ball 2-0: Called Strike 2-1: Ball 3-1: Base on Balls
|
Batting: LHB Chad Weaver
|
0-0: Ball 1-0: Swinging Strike 1-1: Foul Ball, location: 2F 1-2: Ball 2-2: Ball 3-2: Foul Ball, location: 2F 3-2: Base on Balls Orlando González to second
|
Pitching: RHP Gerard Allen
|
|
Batting: LHB Francisco Franco
|
0-0: Ball 1-0: Ball 2-0: Called Strike 2-1: Grounds into double play, U6-3 (Groundball, 6M) Orlando González to third
|
Batting: RHB Lorenzo Ayala
|
0-0: Ball 1-0: Called Strike 1-1: Ball 2-1: Foul Ball, location: 2F 2-2: Ball 3-2: Foul Ball, location: 2F 3-2: Foul Ball, location: 2F 3-2: Base on Balls
|
Batting: RHB John Anderson
|
0-0: Ball 1-0: Called Strike Lorenzo Ayala steals 2nd base 1-1: DOUBLE (Flyball, 7LD) Orlando González scores Lorenzo Ayala scores
|
Batting: LHB Kevin Beasley
|
0-0: Ball 1-0: Ball 2-0: Ground out U3 (Groundball, 3)
|
Top of the 9th over - 2 run(s), 1 hit(s), 0 error(s), 1 left on base; Mexico City 6 - District 9 2 |
BOTTOM OF THE 9TH |
District 9 Prawns batting - Pitching for Mexico City Cerveceros : RHP Jared Cameron
|
Batting: LHB Terry White
|
0-0: Foul Ball, location: 2F 0-1: Called Strike 0-2: Ball 1-2: Ball 2-2: Foul Ball, location: 2F 2-2: Ball 3-2: Strikes out looking
|
Batting: LHB Ryan Hensley
|
0-0: Called Strike 0-1: SINGLE (Groundball, 4MD)
|
Batting: LHB José Flores
|
0-0: Foul Ball, location: 2F 0-1: Ball 1-1: SINGLE (Groundball, 34S) Ryan Hensley to second Runner from 2nd tries for 3rd, SAFE, throw made to third
|
Pitching: RHP Bill Bygrove
|
|
Batting: RHB Jonah Duncan
|
0-0: Ball 1-0: Called Strike 1-1: Called Strike 1-2: Fielders Choice at 2nd, 1-6 (Groundball, 13S)
|
Batting: LHB Brian Roy
|
0-0: Fly out, F9 (Flyball, 89S)
|
Bottom of the 9th over - 0 run(s), 2 hit(s), 0 error(s), 2 left on base; Mexico City 6 - District 9 2 |
|